 Dungeon Crawl Stone Soup version 0.19.3-4-gbf9329e (webtiles) character file.

35634 Wardy1 the Spear-Bearer (level 13, -23/63 HPs)
             Began as a Vine Stalker Fighter on Jan 30, 2017.
             Was a High Priest of Hepliaklqana.
             Killed from afar by a frost giant (32 damage)
             ... with a bolt of cold
             ... on level 15 of the Dungeon.
             The game lasted 00:59:23 (12118 turns).

Wardy1 the Spear-Bearer (Vine Stalker Fighter)     Turns: 12118, Time: 00:59:24

Health: -23/63     AC: 16    Str: 23    XL:     13   Next: 85%
Magic:  0/25       EV: 12    Int:  9    God:    Hepliaklqana [*****.]
Gold:   727        SH: 10    Dex: 21    Spells: 2 memorised, 19 levels left

rFire  . . .     SeeInvis .     n - staff of energy
rCold  x . .     Gourm    .     P - +0 troll leather armour
rNeg   . . .     Faith    .     L - +3 buckler "Xuptur" {rPois Dex+5}
rPois  +         Spirit   +     E - +0 helmet "Ruso Roi" {rElec rF- rC+ Regen+}
rElec  +         Reflect  .     e - +0 cloak
rCorr  .         Harm     .     M - +2 pair of gloves of Tigalene {rC- Str+2 Slay+5}
MR     +....                    c - +2 pair of boots
Stlth  ++........               S - amulet of regeneration
                                q - ring of fire
                                w - +3 ring of protection

@: no status effects
A: reduced essence, fangs 3, regeneration 2, magic shield, antimagic bite, no
device heal 3, rot immunity
a: Recall Ancestor, Ancestor Identity, Transference, Idealise, Renounce Religion


You were on level 15 of the Dungeon.
You worshipped Hepliaklqana.
Hepliaklqana was extremely pleased with you.
You were hungry.

You visited 2 branches of the dungeon, and saw 16 of its levels.

You collected 926 gold pieces.
You spent 199 gold pieces at shops.

Inventory:

Armour
 c - a +2 pair of boots (worn)
 e - a +0 cloak (worn)
 l - a +2 robe of fire resistance
 E - the +0 helmet "Ruso Roi" (worn) {rElec rF- rC+ Regen+}
   (You found it on level 11 of the Dungeon)

   It makes you vulnerable to fire.
   It protects you from cold.
   It insulates you from electricity.
   It increases your rate of regeneration.
 L - the +3 buckler "Xuptur" (worn) {rPois Dex+5}
   (You found it on level 6 of the Dungeon)

   It affects your dexterity (+5).
   It protects you from poison.
 M - the +2 pair of gloves of Tigalene (worn) {rC- Str+2 Slay+5}
   (You bought it in a shop on level 12 of the Dungeon)

   It affects your strength (+2).
   It affects your accuracy and damage with ranged weapons and melee attacks
   (+5).
   It makes you vulnerable to cold.
 N - +0 mottled dragon scales
 P - a +0 troll leather armour (worn)
Magical Staves
 n - an uncursed staff of energy (weapon)
Jewellery
 q - a ring of fire (right hand)
 r - an uncursed ring of poison resistance
 w - a +3 ring of protection (left hand)
 S - an amulet of regeneration (around neck)
 V - an uncursed ring of ice
Wands
 y - a wand of teleportation (3/9)
 z - a wand of polymorph (9/24)
Scrolls
 i - a scroll of enchant armour
 j - 12 scrolls of identify
 k - 6 scrolls of remove curse
 o - 4 scrolls of teleportation
 p - 2 scrolls of magic mapping
 C - a scroll of torment {unknown}
Potions
 a - a potion of invisibility {unknown}
 d - 5 potions of might
 g - 2 potions of brilliance {unknown}
 h - 4 potions of agility {unknown}
 m - a potion of lignification {unknown}
 s - 7 potions of heal wounds {unknown}
 t - 8 potions of curing {unknown}
 u - 2 potions of cancellation {unknown}
 v - 4 potions of cure mutation {unknown}
 B - 2 potions of haste {unknown}
 G - a potion of mutation {unknown}
 H - 2 potions of flight {unknown}
 I - 4 potions of degeneration {unknown}
 K - a potion of magic {unknown}
 U - a potion of resistance {unknown}
 W - a potion of ambrosia {unknown}
 Z - a potion of beneficial mutation {unknown}
Books
 x - a book of the Tempests

   Spells                             Type                      Level
   a - Static Discharge               Conjuration/Air              3
   b - Lightning Bolt                 Conjuration/Air              5
   c - Fireball                       Conjuration/Fire             5
   d - Tornado                        Air                          9
   e - Shatter                        Earth                        9
 Y - a book of Fire

   Spells                             Type                      Level
   a - Ignite Poison                  Fire/Transmutation/Poison    3
   b - Fireball                       Conjuration/Fire             5
   c - Bolt of Fire                   Conjuration/Fire             6
   d - Delayed Fireball               Conjuration/Fire             7
   e - Ring of Flames                 Charms/Fire                  7
Miscellaneous
 b - a box of beasts
 J - a lamp of fire
Comestibles
 f - 18 bread rations
 A - a royal jelly
 D - 9 meat rations
 F - 23 fruits
 O - 3 slices of pizza
 Q - 2 chunks of flesh
 T - 3 beef jerkies


   Skills:
 - Level 9.1 Fighting
   Level 9.9(11.2) Polearms
 * Level 8.8(10.7) Staves
 * Level 3.5 Armour
 * Level 1.9 Dodging
 * Level 9.1 Shields
 - Level 7.9 Spellcasting
 - Level 6.6 Conjurations
 - Level 6.6 Fire Magic
 - Level 3.4 Invocations


You had 19 spell levels left.
You knew the following spells:

 Your Spells              Type           Power        Failure   Level  Hunger
a - Vampiric Draining     Necr           #.........   77%         3    None
b - Fireball              Conj/Fire      ###.......   38%         5    None


Dungeon Overview and Level Annotations

Branches:
Dungeon (15/15)            Temple (1/1) D:4            Lair (0/6) D:10
    Orc (0/2) D:12         Vaults (0/5) D:14         Depths (0/5) D:15

Altars:
Ashenzari
Dithmenos
Elyvilon
Fedhas
Gozag
Hepliaklqana
Kikubaaqudgha
Makhleb
Nemelex Xobeh
Qazlal
Ru
Sif Muna
Xom
Yredelemnul
Zin
The Shining One

Shops:
D:12 [

Portals:
Trove: D:12 (give +3 shadow dragon scales)


Innate Abilities, Weirdness & Mutations

You have razor-sharp teeth.
You heal very quickly.
When hurt, damage is shared between your health and your magic reserves.
Your bite disrupts and absorbs the magic of your enemies.
Potions and wands cannot restore your health.
You are immune to rotting.
Your life essence is reduced. (-10% HP)


Message History

Ouch! That really hurt!
* * * LOW HITPOINT WARNING * * *
You swap places.
Belanum hits the frost giant with a flail.
The frost giant hits you with a battleaxe of freezing.
* * * LOW HITPOINT WARNING * * *
The frost giant freezes you.
* * * LOW HITPOINT WARNING * * *
Belanum blocks the frost giant's attack.
Things that are here:
an uncursed arbalest; 26 bolts; a yaktaur corpse Belanum hits the frost giant with a flail.
The frost giant casts a spell at you. The bolt of cold misses you.
Belanum hits the frost giant with a flail!
You are feeling hungry.
The frost giant points at you and mumbles some strange words.
The bolt of cold hits you!
You feel a terrible chill!
Ouch! That really hurt!
You die...

#......#
########.####.#
.........####'####
.........#≈≈...≈≈#
##########≈..#..≈#
#.#.#.#.#
#.≈.≈.≈.#
#.≈...≈.#
#.≈...≈@#
#.##+##.# #.#..
#.# #.#.>.#)#
#.'.c.CR#
#########


You could see the friendly Belanum the knight and a frost giant.

Vanquished Creatures
  A hydra (D:12)
  4 vault guards (D:14)
  A death knight (D:12)
  A centaur warrior (D:13)
  A tengu warrior (D:15)
  3 skeletal warriors
  A wolf spider zombie (D:13)
  2 hill giants
  An orc knight (D:14)
  An orc sorcerer (D:14)
  A deep elf mage (D:15)
  An ugly thing (D:13)
  A manticore (D:12)
  A gargoyle (D:15)
  3 yaktaurs
  A kobold demonologist (D:13)
  An efreet (D:15)
  A tengu conjurer (D:15)
  2 trolls
  2 two-headed ogres
  2 slime creatures (D:15)
  A meliai zombie (D:10)
  The ghost of galech the Skirmisher, an amateur OgFi (D:3)
  4 hippogriffs
  12 yaks (D:11)
  A wyvern (D:11)
  2 shadows
  A human (D:14)
  A vampire mosquito (D:13)
  3 hungry ghosts
  A mottled dragon (D:15)
  A soldier ant (D:14)
  2 orc warriors
  A phantom (D:13)
  A sky beast (D:9)
  A black bear (D:13)
  3 ice beasts
  5 ogres
  11 centaurs
  2 big kobolds
  2 crocodiles
  A wyvern zombie (D:14)
  8 bullfrogs
  6 scorpions
  11 wights
  5 killer bees (D:9)
  4 howler monkeys
  4 crimson imps
  3 centaur zombies
  A quasit (D:9)
  A bullfrog zombie (D:6)
  4 orc priests
  A hound (D:6)
  6 orc wizards
  5 centaur skeletons
  Jessica (D:3)
  2 iguanas
  6 worker ants
  2 worker ant zombies
  A howler monkey zombie (D:7)
  3 gnolls (D:3)
  9 adders
  3 shadow imps
  5 oozes
  2 adder skeletons
  2 worms
  3 dart slugs
  3 leopard geckos
  28 orcs
  2 giant cockroaches
  6 goblins
  8 hobgoblins
  7 jackals
  16 kobolds
  7 quokkas
  4 ball pythons
  2 bats
  5 frilled lizards
  6 rats
  2 fungi (D:6)
  A plant (D:10)
284 creatures vanquished.

Vanquished Creatures (collateral kills)
  A hydra (D:14)
  A death knight (D:11)
  An ogre mage (D:14)
  Nergalle (D:10)
  2 skeletal warriors (D:11)
  An unseen horror (shapeshifter) (D:13)
  A cyclops (D:11)
  A manticore (D:13)
  A centaur zombie (D:11)
  Psyche (D:9)
  A gargoyle (D:10)
  4 centaur skeletons
  A komodo dragon (D:10)
  2 tengu conjurers
  2 trolls
  A two-headed ogre (D:12)
  3 hippogriffs
  A slime creature (D:15)
  A wyvern (D:15)
  A wraith (D:10)
  2 yaks (D:11)
  A vampire mosquito (D:13)
  An orc warrior (D:15)
  6 ogres
  4 centaurs
  4 bullfrogs
  2 scorpions
  A killer bee (D:9)
  3 wights
  3 crimson imps
  3 hounds
  A jelly (D:13)
  Crazy Yiuf (D:6)
  4 worker ants
  3 orc wizards
  2 adders
  A shadow imp (D:15)
  2 leopard geckos
  6 orcs
  2 jackals (D:8)
  3 kobolds
  A jackal skeleton (D:5)
  A quokka skeleton (D:8)
85 creatures vanquished.

Vanquished Creatures (others)
  3 knights
3 creatures vanquished.

Grand Total: 372 creatures vanquished

Notes
Turn   | Place    | Note
-------+----------+-------------------------------------------
     0 | D:1      | Wardy1 the Vine Stalker Fighter began the quest for the Orb.
     0 | D:1      | Reached XP level 1. HP: 11/11 MP: 2/2
    10 | D:1      | Reached XP level 2. HP: 16/16 MP: 3/3
   219 | D:1      | Reached XP level 3. HP: 19/19 MP: 4/4
   953 | D:2      | Gained mutation: Your natural rate of healing is unusually fast. [Vine Stalker growth]
   953 | D:2      | Reached XP level 4. HP: 21/23 MP: 3/5
  1317 | D:3      | Noticed galech's ghost (amateur OgFi)
  1348 | D:3      | Killed galech's ghost
  1348 | D:3      | Reached skill level 5 in Polearms
  1348 | D:3      | Reached XP level 5. HP: 24/27 MP: 6/6
  1348 | D:3      | Reached XP level 6. HP: 28/32 MP: 7/7
  1775 | D:3      | Noticed Jessica
  1779 | D:3      | Killed Jessica
  1971 | D:3      | Reached XP level 7. HP: 35/35 MP: 8/8
  2605 | D:4      | Found a staircase to the Ecumenical Temple.
  2611 | Temple   | Entered the Ecumenical Temple
  2625 | Temple   | Became a worshipper of Hepliaklqana the Forgotten
  3109 | D:5      | Entered Level 5 of the Dungeon
  3145 | D:5      | Reached * piety under Hepliaklqana
  3314 | D:5      | Gained mutation: You have razor-sharp teeth. [Vine Stalker growth]
  3314 | D:5      | Reached XP level 8. HP: 37/37 MP: 9/9
  3811 | D:6      | Got a steaming buckler
  3822 | D:6      | Identified the +3 buckler "Xuptur" {rPois Dex+5} (You found it on level 6 of the Dungeon)
  3982 | D:6      | Reached skill level 5 in Fighting
  3997 | D:6      | Reached skill level 5 in Shields
  4044 | D:6      | Reached ** piety under Hepliaklqana
  4045 | D:6      | Remembered your ancestor Belanum as a knight
  4147 | D:6      | Found a runed door.
  4151 | D:6      | Noticed Crazy Yiuf
  4155 | D:6      | Killed Crazy Yiuf
  4612 | D:7      | Noticed a hippogriff
  4622 | D:7      | Killed a hippogriff
  4622 | D:7      | Reached XP level 9. HP: 42/44 MP: 10/10
  5592 | D:8      | Reached *** piety under Hepliaklqana
  6023 | D:9      | Reached XP level 10. HP: 32/51 MP: 11/11
  6098 | D:9      | Noticed Psyche
  6105 | D:9      | Killed Psyche
  6230 | D:9      | Reached skill level 1 in Spellcasting
  6285 | D:9      | Reached skill level 1 in Invocations
  6557 | D:10     | Entered Level 10 of the Dungeon
  6587 | D:10     | Noticed Nergalle
  6603 | D:10     | Killed Nergalle
  6610 | D:10     | Learned a level 3 spell: Vampiric Draining
  6819 | D:10     | Reached **** piety under Hepliaklqana
  6857 | D:10     | Found a staircase to the Lair.
  7003 | D:10     | Reached XP level 11. HP: 55/55 MP: 14/16
  7245 | D:11     | Noticed a death knight
  7404 | D:11     | Noticed a skeletal warrior
  7416 | D:11     | Killed a death knight
  7473 | D:11     | Killed a skeletal warrior
  7570 | D:11     | Learned a level 5 spell: Fireball
  7583 | D:11     | Noticed a skeletal warrior
  7641 | D:11     | Killed a skeletal warrior
  7641 | D:11     | Reached skill level 1 in Conjurations
  7641 | D:11     | Reached skill level 1 in Fire Magic
  7690 | D:11     | Noticed a skeletal warrior
  7692 | D:11     | Noticed a skeletal warrior
  7794 | D:10     | Killed a skeletal warrior
  7852 | D:11     | Killed a skeletal warrior
  7892 | D:11     | Got a bloodstained helmet
  7903 | D:11     | Identified the +0 helmet "Ruso Roi" {rElec rF- rC+ Regen+} (You found it on level 11 of the Dungeon)
  7981 | D:11     | Reached skill level 5 in Spellcasting
  8194 | D:11     | Gained mutation: You heal very quickly. [Vine Stalker growth]
  8194 | D:11     | Reached XP level 12. HP: 59/59 MP: 21/21
  8587 | D:12     | Found Jowutos's Antique Armour Shop.
  8594 | D:12     | Bought a pair of twisted gloves for 199 gold pieces
  8604 | D:12     | Identified the +2 pair of gloves of Tigalene {rC- Str+2 Slay+5} (You bought it in a shop on level 12 of the Dungeon)
  8690 | D:12     | Found a staircase to the Orcish Mines.
  8693 | D:12     | Found a portal to a secret trove of treasure.
  8696 | D:12     | Reached skill level 5 in Fire Magic
  8722 | D:12     | Reached skill level 5 in Conjurations
  8827 | D:12     | Reached skill level 1 in Staves
  9067 | D:12     | Reached ***** piety under Hepliaklqana
  9135 | D:12     | Noticed a five-headed hydra
  9144 | D:12     | Killed a five-headed hydra
  9335 | D:12     | Noticed a death knight
  9359 | D:12     | Killed a death knight
  9863 | D:13     | Reached skill level 5 in Staves
  9863 | D:13     | Reached XP level 13. HP: 56/63 MP: 23/25
 10531 | D:14     | Noticed a vault guard
 10556 | D:14     | Noticed a vault guard
 10567 | D:14     | Noticed a vault guard
 10620 | D:14     | Killed a vault guard
 10713 | D:14     | Killed a vault guard
 10773 | D:14     | Killed a vault guard
 10773 | D:14     | Reached skill level 1 in Dodging
 10822 | D:14     | Found a gate to the Vaults.
 10822 | D:14     | Noticed a vault guard
 10835 | D:14     | Killed a vault guard
 11557 | D:15     | Entered Level 15 of the Dungeon
 12109 | D:15     | Found a staircase to the Depths.
 12109 | D:15     | Noticed a frost giant
 12115 | D:15     | HP: 3/63 [frost giant/battleaxe of freezing (3)]
 12118 | D:15     | Killed from afar by a frost giant

Skill      XL: |  1  2  3  4  5  6  7  8  9 10 11 12 13 |
---------------+----------------------------------------+-----
Polearms       | 2 3 5 6 8 9 |  9.9
Fighting       | 4 6 8 9 |  9.1
Shields        | 4 6 7 8 9 |  9.1
Spellcasting   | 2 5 7 |  7.9
Invocations    | 2 3 |  3.4
Conjurations   | 4 6 |  6.6
Fire Magic     | 4 6 |  6.6
Staves         | 5 8 |  8.8
Dodging        | 1 |  1.9
Armour         | 3 |  3.5

Action                   |  1- 3 |  4- 6 |  7- 9 | 10-12 | 13-15 || total
-------------------------+-------+-------+-------+-------+-------++-------
Melee: Trident           |    66 |   144 |   329 |   460 |       ||   999
       Bite              |    16 |    31 |   107 |   332 |   153 ||   639
       Staff             |       |       |       |   197 |   279 ||   476
 Cast: Fireball          |       |       |       |     1 |     3 ||     4
Invok: Ancestor Life: Kn |       |       |     1 |       |       ||     1
       Transference      |       |       |       |       |     1 ||     1
Evoke: Wand              |       |       |       |     2 |       ||     2
  Use: Scroll            |       |       |    11 |     4 |       ||    15
 Stab: Distracted        |       |       |       |    10 |     4 ||    14
       Sleeping          |       |       |       |     2 |       ||     2
  Eat: Chunk             |       |     4 |    11 |    12 |     7 ||    34
       Bread ration      |       |       |       |     1 |       ||     1
       Fruit             |       |       |       |     1 |       ||     1
Armor: Scale mail        |    10 |    46 |   117 |     3 |       ||   176
       Troll leather arm |       |       |       |   142 |    60 ||   202
       Robe              |       |       |       |     4 |       ||     4
Dodge: Dodged            |    13 |    26 |    99 |   172 |    66 ||   376
Block: Shield            |    19 |    48 |    28 |       |       ||    95
       Buckler           |       |       |    87 |   249 |    90 ||   426
